 Dungeon Crawl Stone Soup version 0.31.0-11-ge490571c62 (webtiles) character file.

Game seed: 1602964655126012953

5695 monsoonserge the Cleaver (level 10, -2/86 (89) HPs)
             Began as a Hill Orc Fighter on Jan 31, 2024.
             Was a Follower of Yredelemnul.
             Slain by an orc warrior
             ... wielding a +0 flail
              (7 damage)
             ... on level 9 of the Dungeon.
             The game lasted 00:23:06 (9078 turns).

monsoonserge the Cleaver (Hill Orc Fighter)         Turns: 9078, Time: 00:23:06

HP:   -2/86 (89)    AC:  9    Str: 24    XL:     10   Next: 76%
MP:   15/16         EV: 11    Int:  8    God:    Yredelemnul [*.....]
Gold: 391           SH: 10    Dex: 10    Spells: 9/9 levels left

rFire   . . .        a - +0 war axe
rCold   . . .        c - +0 buckler
rNeg    . . .        l - +2 ring mail of Juroah Yjud {rPois}
rPois   +            (no helmet)
rElec   .            (no cloak)
rCorr   .            (no gloves)
SInv    .            g - +0 pair of boots
Will    .....        q - amulet of reflection
Stlth   +            (no ring)
HPRegen 0.34/turn    (no ring)
MPRegen 0.15/turn

%: reflection
@: lightly drained, invisible
A: no striking features
a: Renounce Religion, Recall Undead Harvest


You were on level 9 of the Dungeon.
You worshipped Yredelemnul.
Yredelemnul was aware of your devotion.
You visited 1 branch of the dungeon, and saw 9 of its levels.

You collected 471 gold pieces.
You spent 80 gold pieces at shops.

Inventory:

Hand Weapons
 a - a +0 war axe (weapon)
Missiles
 b - 33 poisoned darts (quivered)
 A - 12 boomerangs
Armour
 c - a +0 buckler (worn)
 g - a +0 pair of boots (worn)
 l - the +2 ring mail of Juroah Yjud (worn) {rPois}
   (You found it on level 2 of the Dungeon)

   rPois:     It protects you from poison
Jewellery
 q - an amulet of reflection (around neck)
 t - a ring of ice
 u - a +4 ring of protection
 D - an amulet of regeneration
 H - an amulet of guardian spirit
Wands
 d - a wand of mindburst (6)
 m - a wand of digging (7)
 s - a wand of iceblast (9)
 y - a wand of charming (4)
 G - a wand of light (12)
Scrolls
 e - 2 scrolls of identify
 i - 4 scrolls of teleportation {unknown}
 n - 3 scrolls of enchant weapon
 o - 2 scrolls of amnesia
 v - 2 scrolls of torment {unknown}
 z - 2 scrolls of noise {unknown}
 C - a scroll of poison {unknown}
 E - a scroll of enchant armour {unknown}
 F - 2 scrolls of fog {unknown}
Potions
 f - 2 potions of attraction {unknown}
 h - 2 potions of haste
 j - 3 potions of curing
 p - 2 potions of enlightenment
 r - 2 potions of berserk rage
 w - a potion of degeneration {unknown}
 x - a potion of brilliance {unknown}
 B - a potion of ambrosia {unknown}


   Skills:
 + Level 8.3 Fighting
 - Level 11.0 Axes
 + Level 7.2 Armour
 + Level 3.6 Dodging
 + Level 1.5 Stealth
 + Level 7.3 Shields
 * Level 8.9 Invocations


You had 9 spell levels left.
You didn't know any spells.
Your spell library contained the following spells:

 Spells                   Type           Power      Damage    Failure   Level
 Apportation              Tloc           0%         N/A       58%         1
 Necrotise                Necr           0%         1d4       58%         1
 Sting                    Conj/Alch      0%         1d3       58%         1
 Summon Small Mammal      Summ           0%         N/A       58%         1
 Mercury Vapours          Alch/Air       0%         N/A       75%         2
 Mephitic Cloud           Conj/Alch/Air  0%         N/A       92%         3
 Ozocubu's Armour         Ice            0%         N/A       92%         3
 Freezing Cloud           Conj/Ice/Air   0%         6-21      100%        5
 Metabolic Englaciation   Hex/Ice        0%         N/A       100%        5
 Sculpt Simulacrum        Ice/Alch       0%         N/A       100%        6


Dungeon Overview and Level Annotations

Branches:
Dungeon (9/15)             Temple (0/1) D:7             Orc (0/2) D:9
   Lair: D:8-11

Altars:
Okawaru
Yredelemnul
Zin

Shops:
D:1 (   D:3 !   D:5 *   D:6 :


Message History

Your steam dragon zombie bites the orc warrior.
Your steam dragon zombie barely misses the orc warrior.
You block the orc warrior's attack.
Your orc wizard zombie hits the orc warrior but does no damage.
Your orc zombie hits the orc but does no damage.
You block the orc warrior's attack.
The orc priest mumbles some strange prayers to Beogh against you.
Beogh smites you!
* * * LOW HITPOINT WARNING * * *
The orc warrior hits your steam dragon zombie with a +0 flail.
Unknown command.
You swap places.
The orc warrior unwields a +0 halberd.
The orc warrior wields a +0 orcbow.
The orc warrior shoots an arrow.
The arrow hits your steam dragon zombie!
Your orc zombie hits the orc but does no damage.
You block the orc warrior's attack.
The orc priest miscasts a cantrip.
The orc priest mumbles some strange prayers to Beogh against you.
Beogh smites you!
* * * LOW HITPOINT WARNING * * *
The orc warrior attacks as it pursues you!
The orc warrior hits you with a +0 short sword!
* * * LOW HITPOINT WARNING * * *
The orc priest barely misses your orc wizard zombie.
The orc warrior hits your orc wizard zombie with a +0 flail!
Your orc wizard zombie is destroyed!
The orc hits your steam dragon zombie with a +0 hand axe.
The orc closely misses you.
The orc priest threatens, "By the altar or by the axe, you will meet Beogh!"
You see here a +0 short sword.
Unknown command.
Okay, then.
Okay, then.
You fade into invisibility!
The orc warrior shoots an arrow.
The arrow hits the orc warrior.
You block the orc warrior's attack.
Your orc zombie hits the orc but does no damage.
The orc warrior hits you with a +0 flail!
You die...
Your body rises from the dead as a mindless zombie.

###############
............≈o#
............###
...8ZZoo.o...># ≈#
.....oo@o...### ≈.#
.)..))oZ....≈o#
≈.o#####################
8≈≈≈≈≈≈≈≈≈≈≈≈≈≈≈≈≈≈≈
≈≈≈≈≈≈≈≈≈≈≈≈≈≈≈≈≈≈≈≈
....................
##.##.....##...####
#...#..#.###..##
.......#>###.######


You could see 4 orc warriors, 3 orc priests, 2 orcs, a friendly steam dragon
zombie and 2 friendly orc zombies.

Vanquished Creatures
  Pikel (D:4)
  Grinder (D:4)
  Sigmund (D:4)
  4 yaks (D:8)
  2 steam dragons
  Menkaure (D:5)
  Duvessa (D:7)
  A black bear (D:7)
  2 sky beasts
  5 ogres
  An ice beast (D:6)
  2 centaurs
  2 kobold brigands (D:6)
  Blork the orc (D:6)
  3 bullfrogs
  A scorpion (D:5)
  11 wights
  2 howler monkeys (D:7)
  A bombardier beetle (D:4)
  2 hounds
  3 orc priests
  A sleepcap (D:6)
  Natasha (D:2)
  2 iguanas (D:5)
  6 orc wizards
  6 adders
  4 gnolls
  A white imp (D:7)
  7 ribbon worms
  2 dart slugs
  20 orcs
  7 ball pythons
  5 endoplasms
  3 giant cockroaches
  6 goblins
  8 hobgoblins
  12 kobolds
  2 quokkas (D:1)
  6 bats
  5 frilled lizards
  A goblin zombie (D:3)
  8 rats
161 creatures vanquished.

Vanquished Creatures (collateral kills)
  A two-headed ogre (D:8)
  A yak (D:8)
  A scorpion (D:4)
  A bullfrog (D:8)
  3 wights (D:8)
  Dowan (D:7)
  A hound (D:7)
  Jessica (D:3)
  3 adders
  2 orcs
  2 endoplasms
  2 hobgoblins
  5 kobolds
  3 bats
  A goblin (D:2)
28 creatures vanquished.

Vanquished Creatures (others)
  A yak (D:8)
  A yak zombie (D:8)
  A bullfrog zombie (D:8)
  An orc wizard (D:6)
  An ogre zombie (D:6)
  A hound zombie (D:7)
  An elf zombie (D:7)
  A bat zombie (D:2)
  3 gnoll zombies (D:6)
  A giant cockroach zombie (D:2)
  A hobgoblin zombie (D:4)
  3 kobold zombies (D:6)
  7 orc zombies
23 creatures vanquished.

Grand Total: 212 creatures vanquished

Notes
Turn   | Place    | Note
-------+----------+-------------------------------------------
     0 | D:1      | monsoonserge the Hill Orc Fighter began the quest for the
                  | Orb.
     0 | D:1      | Reached XP level 1. HP: 19/19 MP: 1/1
   100 | D:1      | Reached XP level 2. HP: 27/27 MP: 2/2
   231 | D:1      | Reached skill level 3 in Axes
   337 | D:1      | Found a faded altar of an unknown god.
   345 | D:1      | Prayed at the altar of an unknown god.
   345 | D:1      | Became a worshipper of Yredelemnul the Dark
   345 | D:1      | Reached * piety under Yredelemnul
   505 | D:1      | Reached XP level 3. HP: 22/33 MP: 3/3
   689 | D:1      | Found Pesagheg's Antique Weapon Boutique.
   854 | D:1      | Reached ** piety under Yredelemnul
  1193 | D:2      | Reached skill level 4 in Axes
  1193 | D:2      | Reached XP level 4. HP: 40/40 MP: 4/4
  1598 | D:2      | Noticed Natasha
  1607 | D:2      | Killed Natasha
  1608 | D:2      | Reached XP level 5. HP: 47/47 MP: 5/5
  1902 | D:2      | Identified the +2 ring mail of Juroah Yjud {rPois}
  1928 | D:2      | Reached skill level 1 in Invocations
  2102 | D:3      | Found Gakloawk's Distillery.
  2113 | D:3      | Bought a potion of heal wounds for 50 gold pieces
  2113 | D:3      | Bought a potion of curing for 30 gold pieces
  2163 | D:3      | Reached skill level 5 in Axes
  2227 | D:3      | Noticed Jessica
  2242 | D:3      | Killed Jessica
  2867 | D:4      | Reached XP level 6. HP: 53/53 MP: 3/7
  2951 | D:4      | Noticed Pikel
  2967 | D:4      | HP: 2/79 [Pikel/+0 whip of electrocution (12)]
  2968 | D:4      | Killed Pikel
  2969 | D:4      | Reached skill level 5 in Fighting
  2969 | D:4      | Reached skill level 7 in Axes
  2969 | D:4      | Reached skill level 5 in Armour
  2969 | D:4      | Reached skill level 1 in Dodging
  2969 | D:4      | Reached XP level 7. HP: 2/61 MP: 7/9
  3157 | D:4      | Noticed Grinder
  3175 | D:4      | Killed Grinder
  3176 | D:4      | Reached XP level 8. HP: 46/68 MP: 9/11
  3664 | D:4      | Noticed Sigmund
  3670 | D:4      | Killed Sigmund
  3671 | D:4      | Reached skill level 8 in Axes
  4142 | D:5      | Entered Level 5 of the Dungeon
  4145 | D:5      | Noticed Menkaure
  4147 | D:5      | Noticed Blork the orc
  4304 | D:5      | Found Toynk's Fire Supplies.
  4509 | D:6      | Found a glowing silver altar of Zin.
  4514 | D:6      | Killed Blork the orc
  4703 | D:6      | Reached skill level 5 in Invocations
  4725 | D:6      | Reached skill level 9 in Axes
  4753 | D:6      | Reached XP level 9. HP: 51/75 MP: 13/13
  4758 | D:6      | Reached skill level 5 in Shields
  5033 | D:6      | Found Otwis's Tiny Tomes.
  5357 | D:6      | Reached skill level 10 in Axes
  5858 | D:5      | Killed Menkaure
  6299 | D:7      | Noticed Duvessa
  6299 | D:7      | Noticed Dowan
  6315 | D:7      | Killed Duvessa
  6333 | D:7      | Killed Dowan
  6472 | D:7      | Found a staircase to the Ecumenical Temple.
  6585 | D:7      | Your ally Duvessa died
  6705 | D:7      | Reached skill level 1 in Stealth
  6819 | D:7      | Found an iron altar of Okawaru.
  7250 | D:8      | Reached skill level 11 in Axes
  7250 | D:8      | Reached XP level 10. HP: 77/83 MP: 15/15
  8417 | D:8      | Noticed a two-headed ogre
  8424 | D:8      | Killed a two-headed ogre
  8425 | D:8      | Reached *** piety under Yredelemnul
  9070 | D:9      | Found a staircase to the Orcish Mines.
  9078 | D:9      | Slain by an orc warrior

Illustrated notes

Levels and vault maps discovered:
D:1:      mrwooster_arrival_arrow, layout_loops_corners, basic_ecumenical_altar,
          serial_shops, shop, st_stairs_12
D:2:      minmay_razor_zed, layout_loops_cross, uniq_natasha
D:3:      layout_basic, serial_shops, shop, hex_intersection, uniq_jessica
D:4:      layout_loops_ring, st_stairs_6, nicolae_hexahallways,
          minmay_misc_feat_rows, uniq_grinder, uniq_pikel, uniq_sigmund
D:5:      layout_loops_ring, nicolae_shop_fire_sale [nicolae_sub_dead_trees],
          uniq_menkaure, uniq_blork_the_orc
D:6:      layout_basic, zin_academy, nicolae_shop_i_like_small_books_too,
          wad_floor_pattern_untrapped
D:7:      layout_rooms, okawaru_ov_weapons_minmay, minmay_temple_entry_trees,
          uniq_duvessa
D:8:      layout_layer_cave, minmay_misc_feat_nine_boxes,
          kennysheep_generic_room_9
D:9:      cheibrodos_shockbox, layout_loops_ring, erik_orc_2, serial_shops,
          nicolae_shop_rolling_square

Skill      XL: |  1  2  3  4  5  6  7  8  9 10 |
---------------+-------------------------------+-----
Fighting       | 4 5 6 8 |  8.3
Axes           | 3 4 5 7 9 11 | 11.0
Invocations    | 1 3 4 5 7 8 |  8.9
Armour         | 4 5 6 7 |  7.2
Shields        | 4 6 7 |  7.3
Dodging        | 1 2 3 |  3.6
Stealth        | 1 |  1.5

Action                     |  1- 3 |  4- 6 |  7- 9 | 10-12 || total
---------------------------+-------+-------+-------+-------++-------
  Melee: War axe           |    81 |   121 |   282 |   108 ||   592
  Throw: Dart              |       |       |     1 |       ||     1
 Invoke: Dark Bargain      |       |     1 |       |       ||     1
         Recall Undead Har |       |       |       |     1 ||     1
  Evoke: Wand              |       |       |       |     3 ||     3
    Use: Potion            |       |     3 |       |     1 ||     4
         Scroll            |       |       |     5 |       ||     5
   Stab: Distracted        |       |       |     2 |       ||     2
 Armour: Scale mail        |    67 |    39 |       |       ||   106
         Ring mail         |       |    75 |   144 |    70 ||   289
  Dodge: Dodged            |    40 |    54 |   103 |    38 ||   235
  Block: Buckler           |    16 |    30 |   128 |    72 ||   246
         Reflection        |       |       |     5 |     3 ||     8
